 Dungeon Crawl Stone Soup version 0.25.0-9-g26727b657a (webtiles) character file.

Game seed: 10329421216245459331

5437 Lekan the Carver (level 10, -1/89 HPs)
             Began as a Yellow Draconian Berserker on June 18, 2020.
             Slain by a polar bear (24 damage)
             ... created by the rage of Trog
             ... on level 7 of the Dungeon.
             The game lasted 00:56:36 (7908 turns).

Lekan the Carver (Yellow Draconian Berserker)       Turns: 7908, Time: 00:56:37

Health: -1/89      AC:  7    Str: 22      XL:     10   Next: 41%
Magic:  16/16      EV: 15    Int:  8      God:
Gold:   235        SH:  0    Dex:  9 (11) Spells: 18/18 levels left

rFire    . . .     SeeInvis .   a - +1 falchion
rCold    . . .     Gourm    .   (no shield)
rNeg     . . .     Faith    .   (armour unavailable)
rPois    +         Spirit   .   (helmet restricted)
rElec    .         Reflect  .   (no cloak)
rCorr    +         Harm     .   (no gloves)
MR       .....                  (no boots)
Stlth    +++.......             (no amulet)
HPRegen  0.24/turn              s - ring of poison resistance
MPRegen  0.15/turn              (no ring)

@: no status effects
A: spit acid, unfitting armour, cold-blooded, acid resistance, AC +7
a: Breathe Acid


You were on level 7 of the Dungeon.
You were not hungry.

You visited 1 branch of the dungeon, and saw 7 of its levels.

You collected 235 gold pieces.

Inventory:

Hand Weapons
 a - a +1 falchion (weapon)
 o - a +2 war axe of electrocution
 q - a +0 short sword
Jewellery
 s - a ring of poison resistance (left hand)
Wands
 l - a wand of digging (7)
 m - a wand of polymorph (7)
Scrolls
 c - 2 scrolls of enchant weapon
 e - 7 scrolls of identify
 g - 4 scrolls of immolation
 k - 2 scrolls of magic mapping
 p - 3 scrolls of remove curse
 r - 4 scrolls of teleportation
Potions
 d - a potion of haste
 n - a potion of curing
Comestibles
 b - 7 rations


   Skills:
 + Level 8.3 Fighting
 + Level 8.8 Long Blades
 + Level 6.4 Throwing
 + Level 7.2 Dodging
 + Level 5.6 Stealth
 + Level 5.1 Unarmed Combat
 + Level 4.6 Spellcasting
 + Level 5.4 Evocations


You had 18 spell levels left.
You didn't know any spells.
Your spell library contained the following spells:

 Spells                   Type           Power        Failure   Level  Hunger
 Animate Skeleton         Necr           N/A          28%         1    #......
 Apportation              Tloc           #.....       28%         1    #......
 Corona                   Hex            #......      28%         1    #......
 Pain                     Necr           #...         28%         1    #......
 Summon Small Mammal      Summ           #...         28%         1    #......
 Vampiric Draining        Necr           #.........   63%         3    ###....
 Animate Dead             Necr           N/A          95%         4    #####..
 Agony                    Necr           #.......     100%        5    ######.


Dungeon Overview and Level Annotations

Branches:
Dungeon (7/15)             Temple (0/1) D:4

Altars:
Zin
The Shining One


Innate Abilities, Weirdness & Mutations

You can spit globs of acid.
Your golden yellow scales are hard. (AC +7)
You cannot fit into any form of body armour.
You are cold-blooded and may be slowed by cold attacks.
You are resistant to acid. (rCorr)


Message History

The polar bear bites you but does no damage.
The polar bear claws you.
The polar bear claws you but does no damage.
The polar bear bites you!!
* * * LOW HITPOINT WARNING * * *
The polar bear claws you.
* * * LOW HITPOINT WARNING * * *
The polar bear closely misses you.
You feel much better. The polar bear bites you!
* * * LOW HITPOINT WARNING * * *
The polar bear misses you. The polar bear closely misses you.
You feel much better. The polar bear closely misses you.
The polar bear claws you! The polar bear claws you. The polar bear bites you!
* * * LOW HITPOINT WARNING * * *
The polar bear misses you. The polar bear claws you.
* * * LOW HITPOINT WARNING * * *
You hit the polar bear but do no damage.
The polar bear is almost dead.
The polar bear bites you!!
You die...

#...# ##........# #... #...#
#.........# #... #...#########
#.###.###.# #... ............#
#.# #.# #.# #... ###########.#
#.# #.###.######+#
###########.####.###..........#.#
.................................
#######.####.###<###.#...####.#..
#.# #...h@....'...# #..#.. ####
#.####..######.#...# #....# ...#
#.#........# #.#...# #..### ##.#
#.#.###..### #.#...# #..# ...#
#...# #..## #.#...# #..# ##.#
##### #...# #.#...# #..# .###
#.#.# #h#...###..## .# #.#.##
#.###.......# .# #.#..# #.#
#....)..#


You could see a polar bear (berserk).

Vanquished Creatures
  Sigmund (D:6)
  Menkaure (D:7)
  A water moccasin (D:6)
  A black bear (D:6)
  A sky beast (D:6)
  An ogre (D:6)
  4 centaurs
  3 bullfrogs
  3 scorpions
  A howler monkey (D:7)
  2 crimson imps
  6 hounds
  A jelly (D:5)
  A quasit (D:6)
  4 orc priests
  2 centaur skeletons
  8 orc wizards
  2 bullfrog skeletons (D:4)
  An iguana (D:5)
  5 worker ants
  A hound skeleton (D:5)
  A hound zombie (D:7)
  2 worker ant zombies
  2 howler monkey zombies (D:5)
  4 gnolls (D:3)
  6 adders
  A shadow imp (D:6)
  An ooze (D:1)
  2 adder skeletons (D:4)
  2 worms
  3 dart slugs
  A leopard gecko (D:4)
  17 orcs
  A ball python (D:3)
  4 goblins
  6 hobgoblins
  13 jackals
  6 kobolds
  4 quokkas
  8 bats
  2 frilled lizards
  A giant cockroach zombie (D:5)
  A jackal skeleton (D:5)
  A quokka skeleton (D:5)
  6 rats
145 creatures vanquished.

Notes
Turn   | Place    | Note
-------+----------+-------------------------------------------
     0 | D:1      | Lekan the Draconian Berserker began the quest for the Orb.
     0 | D:1      | Reached XP level 1. HP: 19/19 MP: 1/1
   143 | D:1      | Reached XP level 2. HP: 22/26 MP: 2/2
   567 | D:1      | Reached XP level 3. HP: 33/33 MP: 3/3
  1479 | D:2      | Reached ** piety under Trog
  1583 | D:3      | Reached XP level 4. HP: 40/40 MP: 4/4
  2002 | D:3      | Reached skill level 1 in Throwing
  2002 | D:3      | Reached XP level 5. HP: 32/46 MP: 5/5
  2653 | D:3      | Found a glowing silver altar of Zin.
  2989 | D:4      | Reached XP level 6. HP: 53/53 MP: 6/6
  3247 | D:4      | Found a glowing golden altar of the Shining One.
  3285 | D:4      | Reached skill level 5 in Long Blades
  3295 | D:4      | Found a staircase to the Ecumenical Temple.
  3853 | D:5      | Entered Level 5 of the Dungeon
  3874 | D:5      | Reached skill level 1 in Stealth
  3874 | D:5      | Your scales start taking on a golden yellow colour.
  3874 | D:5      | Reached XP level 7. HP: 60/60 MP: 7/7
  3874 | D:5      | Gained mutation: You are resistant to acid. (rCorr) [Yellow
                  | Draconian growth]
  4073 | D:5      | Reached skill level 5 in Fighting
  4655 | D:5      | Reached XP level 8. HP: 30/69 MP: 8/8
  4929 | D:5      | Reached skill level 5 in Throwing
  4929 | D:5      | Reached XP level 9. HP: 79/79 MP: 8/14
  5348 | D:6      | Fell from the grace of Trog
  5348 | D:6      | Reached skill level 5 in Stealth
  5348 | D:6      | Reached skill level 5 in Unarmed Combat
  5348 | D:6      | Reached skill level 5 in Evocations
  5348 | D:6      | Reached XP level 10. HP: 88/88 MP: 14/16
  6693 | D:6      | Noticed Sigmund
  6708 | D:6      | Killed Sigmund
  7487 | D:7      | Noticed Menkaure
  7499 | D:7      | Killed Menkaure
  7622 | D:7      | Noticed a two-headed ogre
  7908 | D:7      | Slain by a polar bear

Illustrated notes

Levels and vault maps discovered:
D:1:      nzn_arrival_crosshair, layout_loops_ring
D:2:      layout_rooms
D:3:      layout_basic, zin_academy, kennysheep_minor_cross,
          hangedman_abyss_or_decor_lesser_grid
D:4:      layout_basic, minmay_temple_entry_glass, first_ration, tso_metal_star
D:5:      layout_rooms
D:6:      layout_gridville, minmay_hedge_maze, corexii_hall_statues_i,
          uniq_sigmund
D:7:      layout_basic, lemuel_doored_altar, uniq_menkaure

Skill      XL: |  1  2  3  4  5  6  7  8  9 |
---------------+----------------------------+-----
Dodging        | 3 4 6 7 |  7.2
Fighting       | 4 5 7 8 |  8.3
Long Blades    | 4 5 6 7 8 |  8.8
Throwing       | 1 2 3 5 6 |  6.4
Stealth        | 1 4 5 |  5.6
Unarmed Combat | 4 5 |  5.1
Spellcasting   | 3 4 |  4.6
Evocations     | 4 5 |  5.4

Action                   |  1- 3 |  4- 6 |  7- 9 | 10-12 || total
-------------------------+-------+-------+-------+-------++-------
Melee: Falchion          |    86 |   115 |   102 |   201 ||   504
       Tailslap          |     9 |    20 |    22 |    35 ||    86
       Punch             |       |       |       |     4 ||     4
Throw: Dart              |    17 |    39 |    29 |    31 ||   116
Invok: Berserk           |     1 |     3 |     2 |       ||     6
       Trog's Hand       |       |     1 |     4 |       ||     5
 Abil: Breathe Acid      |       |       |       |     1 ||     1
Evoke: Wand              |       |       |       |     1 ||     1
  Use: Scroll            |     4 |     3 |       |     3 ||    10
       Potion            |       |       |     8 |     5 ||    13
 Stab: Sleeping          |       |       |       |     3 ||     3
  Eat: Chunk             |     1 |     8 |     7 |     2 ||    18
       Ration            |     1 |       |     1 |     2 ||     4
Armor: Skin              |    26 |    22 |    33 |    60 ||   141
Dodge: Dodged            |    65 |    86 |    99 |   172 ||   422
       Rpst.: Falchion   |    21 |    35 |    28 |    47 ||   131
